 Dungeon Crawl Stone Soup version 0.25-a0-731-g0472a16d6a (webtiles) character file.

Game seed: 9942307619349101897, levelgen mode: deterministic

25 Lavandula the Scratcher (level 2, 0/14 HPs)
             Began as a Felid Chaos Knight on Apr 8, 2020.
             Was a Plaything of Xom.
             Slain by a hobgoblin (4 damage)
             ... on level 2 of the Dungeon.
             The game lasted 00:03:10 (994 turns).

Lavandula the Scratcher (Felid Chaos Knight)         Turns: 994, Time: 00:03:11

Health: 0/14       AC:  1    Str:  8    XL:     2   Next: 86%
Magic:  3/3        EV: 18    Int: 13    God:    Xom [.*....]
Gold:   81         SH:  0    Dex: 15    Spells: 1/1 levels left
                                        Lives:  0   Deaths: 0

rFire    . . .     SeeInvis +     - Unarmed
rCold    . . .     Gourm    .   (shield unavailable)
rNeg     . . .     Faith    .   (armour unavailable)
rPois    .         Spirit   .   (helmet unavailable)
rElec    .         Reflect  .   (cloak unavailable)
rCorr    .         Harm     .   (gloves unavailable)
MR       .....                  (boots unavailable)
Stlth    ++........             (no amulet)
HPRegen  0.04/turn              (no ring)
MPRegen  0.08/turn              (no ring)

@: quick
A: very small, no armour, no weapons or thrown items, stealth, claws 1, fangs 3,
see invisible, carnivore, speed 1, shaggy fur 1, slow metabolism 1, sharp paws
a: Renounce Religion


You were on level 2 of the Dungeon.
You worshipped Xom.
You were a plaything of Xom.
You were very full.

You visited 1 branch of the dungeon, and saw 2 of its levels.

You collected 81 gold pieces.

Inventory:

Scrolls
 c - a scroll of identify {unknown}
 d - a scroll of teleportation {unknown}
 g - a scroll of enchant weapon {unknown}
Potions
 b - a potion of ambrosia {unknown}
 e - a potion of magic {unknown}
 h - a potion of curing {unknown}
Comestibles
 a - 3 rations
 f - 5 chunks of flesh


   Skills:
 - Level 3.0 Fighting
 - Level 3.2 Dodging
 + Level 4.1 Unarmed Combat


You had one spell level left.
You didn't know any spells.
Your spell library was empty.

Dungeon Overview and Level Annotations

Branches:
Dungeon (2/15)

Altars:


Innate Abilities, Weirdness & Mutations

You cannot wear armour.
You are incapable of wielding weapons or throwing items.
Your paws allow you to move quietly. (Stealth)
You have sharp claws.
You have razor-sharp teeth.
You have supernaturally acute eyesight. (SInv)
You are carnivorous and can eat meat at any time.
You cover ground quickly.
You are covered in fur. (AC +1)
You have a slow metabolism.
Your sharp claws are effective at attacking unaware monsters.


Message History

The hobgoblin closely misses you.
Unknown command.
You barely miss the hobgoblin.
The hobgoblin is heavily wounded.
The hobgoblin completely misses you.
Unknown command.
You scratch the hobgoblin.
The hobgoblin is severely wounded.
The hobgoblin closely misses you.
Unknown command.
You scratch the hobgoblin.
The hobgoblin is almost dead.
The hobgoblin hits you.
* * * LOW HITPOINT WARNING * * *
Unknown command.
You closely miss the hobgoblin. Your bite misses the hobgoblin.
The hobgoblin is almost dead.
The hobgoblin hits you.
You die... "It was about time."

#...... #....g
#.... #...
#.####..
#[.....######
###.###..<....#
#.........†...#
#.#.##).@.....#
#......g....#
####.......>#
#..........
.........###
####.####.# #.#
.# #.. #


You could see a hobgoblin.

Vanquished Creatures
  A dart slug (D:1)
  2 leopard geckos
  A goblin (D:1)
  4 hobgoblins (D:1)
  2 jackals (D:1)
  3 kobolds
  A bat (D:1)
  3 frilled lizards (D:1)
  4 rats (D:1)
21 creatures vanquished.

Notes
Turn   | Place    | Note
-------+----------+-------------------------------------------
     0 | D:1      | Lavandula the Felid Chaos Knight began the quest for the
                  | Orb.
     0 | D:1      | Reached XP level 1. HP: 10/10 MP: 2/2
   351 | D:1      | Reached XP level 2. HP: 10/14 MP: 3/3
   632 | D:1      | XOM: divination: detect creatures
   652 | D:1      | XOM: harmless Ice miscast
   772 | D:1      | XOM: mild Fire miscast
   873 | D:1      | Reached skill level 4 in Unarmed Combat
   886 | D:1      | XOM: blink monster(s)
   994 | D:2      | Slain by a hobgoblin

Levels and vault maps discovered:
D:1:      lordsloth_arrival_two_stooges, layout_basic
D:2:      layout_loops_cross, kennysheep_big_empty_room

Skill      XL: |  1  2 |
---------------+-------+-----
Unarmed Combat | 4 |  4.1
Fighting       | |  3.0
Dodging        | |  3.2

Action                   || total
-------------------------++-------
Melee: Unarmed           ||    80
       Bite              ||     4
 Stab: Sleeping          ||     2
  Eat: Chunk             ||     7
Dodge: Dodged            ||    58

Table legend:
 A = Non-vault XP
 B = Vault XP
 C = Vault XP percentage of total XP
 D = Non-vault monster count
 E = Vault monster count
 F = Vault count percentage of total count
                 A         B        C        D         E       F
            +---------+---------+-------+---------+---------+-------
      Total |      37 |       0 |   0.0 |      21 |       0 |   0.0
            +---------+---------+-------+---------+---------+-------
        D:1 |      32 |       0 |   0.0 |      19 |       0 |   0.0
        D:2 |       5 |       0 |   0.0 |       2 |       0 |   0.0
            +---------+---------+-------+---------+---------+-------
